Map: Акрополь РВ

Players

Hitodemuraga

  • Race: Zerg Zerg
  • League: Platinum
  • Spawn Location: 11:00

IcemaN - Winner!

  • Race: Protoss Protoss
  • League: Platinum
  • Spawn Location: 5:00

VOD

Have the link to the VOD?

Description

Time

  • Played on: Aug. 17, 2019, 11:47 a.m.
  • Length: 13:32
Show
View Real Time Build Order
Export as new Build Order

Hitodemuraga Zerg 

Build Orders: Hatch First 

Get SALT Encoding   

  12  0:01  Drone  
  13  0:13  Overlord  
  13  0:16  Drone  
  14  0:31  Drone x2  
  14  0:35  Drone  
  17  0:53  Hatchery  
  17  0:56  Drone  
  17  0:59  Drone  
  18  1:10  Extractor  
  17  1:16  Spawning Pool  
  17  1:17  Drone  
  17  1:23  Drone  
  18  1:29  Drone  
  19  1:39  Drone  
  20  2:04  Queen x2, Zergling x4  
  20  2:05  Overlord  
  26  2:11  Drone  
  27  2:27  Drone  
  27  2:29  Hatchery  
  27  2:31  Drone  
  28  2:37  Drone x2  
  28  2:40  Drone  
  31  2:49  Metabolic Boost  
  31  2:50  Drone  
  32  2:52  Drone  
  32  2:58  Overlord  
  33  3:00  Drone  
  33  3:05  Drone  
  35  3:15  Drone  
  35  3:16  Drone x3  
  35  3:17  Drone  
  35  3:18  Drone  
  41  3:21  Overlord  
  41  3:28  Spore Crawler  
  41  3:32  Spore Crawler  
  39  3:35  Drone x3  
  42  3:43  Roach Warren  
  42  3:44  Zergling x4  
  42  3:46  Drone  
  42  3:48  Drone  
  45  3:56  Extractor  
  45  3:57  Extractor, Lair  
  45  4:00  Queen  
  45  4:14  Drone  
  45  4:15  Drone x7  
  53  4:22  Queen  
  55  4:35  Drone x3  
  55  4:36  Overlord  
  55  4:37  Overlord x2  
  58  4:51  Overlord  
  58  4:55  Drone x7  
  58  4:56  Drone x3  
  68  5:00  Queen  
  68  5:05  Zergling x2  
  68  5:06  Zergling x4  
  73  5:11  Spine Crawler  
  72  5:17  Roach x2  
  72  5:18  Spine Crawler  
  72  5:19  Zergling x2  
  76  5:24  Roach x2  
  76  5:26  Roach  
  82  5:29  Zergling x4  
  82  5:34  Queen  
  86  5:47  Zergling x8  
  86  5:49  Overlord x3  
  90  6:16  Drone  
  90  6:17  Drone x12  
  103  6:26  Infestation Pit  
  102  6:35  Drone x3  
  102  6:36  Extractor, Baneling Nest  
  90  6:57  Roach x2  
  90  6:58  Roach x4  
  99  7:07  Roach x2  
  99  7:08  Roach x4  
  107  7:17  Zergling x4  
  107  7:18  Zergling x4  
  107  7:19  Evolution Chamber  
  110  7:27  Roach x4  
  112  7:35  Roach x2  
  112  7:43  Roach  
  112  7:45  Overlord x2  
  112  7:51  Extractor  
  112  7:53  Extractor, Roach  
  112  7:56  Overlord x3  
  112  7:57  Overlord x2  
  110  8:17  Pneumatized Carapace  
  110  8:20  Queen  
  110  8:25  Roach  
  110  8:26  Roach  
  110  8:27  Roach x7  
  130  8:29  Centrifical Hooks  
  130  8:31  Roach x4  
  130  8:32  Hatchery, Roach  
  139  9:06  Hive  
  139  9:21  Overseer  
  139  9:22  Hatchery  
  128  10:18  Infestor  
  128  10:19  Infestor  
  128  10:20  Viper x3  
  137  10:52  Zergling x20  
  137  10:53  Zergling x2  
  132  11:03  Zergling x14  
  127  11:12  Queen  
  127  11:15  Drone x2  
  127  11:16  Viper  
  132  11:19  Overlord  
  132  11:20  Overlord  
  132  11:23  Baneling x6  
  132  11:24  Baneling x16  
  132  11:46  Roach x3  
  138  11:49  Roach x6  
  150  11:59  Overlord x2  
  150  12:00  Overlord x2  
  150  12:14  Overlord x2  
  150  12:18  Roach x9  
  150  12:22  Roach  
  170  12:23  Roach  
  170  12:24  Roach x3  
  178  12:37  Overlord x3  
  178  12:39  Roach x4  
  178  12:40  Roach x3  
  192  12:53  Overlord  
Show
View Real Time Build Order
Export as new Build Order

IcemaN Protoss - Winner!

Build Orders: Chargelot Immortal 

Get SALT Encoding   

  12  0:01  Probe  
  13  0:13  Probe  
  14  0:19  Pylon  
  14  0:25  Probe  
  15  0:36  Probe  
  15  0:41  Pylon  
  16  0:44  Probe  
  17  0:52  Probe  
  18  1:07  Gateway  
  18  1:22  Nexus  
  18  1:25  Probe  
  19  1:34  Probe  
  19  1:36  Assimilator  
  19  1:39  Assimilator  
  20  1:42  Probe  
  21  1:55  Cybernetics Core  
  21  1:59  Pylon  
  21  2:02  Probe  
  22  2:14  Probe  
  23  2:20  Zealot  
  25  2:26  Probe  
  26  2:33  Warp Gate, Probe  
  27  2:38  Probe  
  27  2:41  Probe  
  28  2:50  Probe  
  30  2:51  Probe  
  30  2:57  Robotics Facility  
  31  3:06  Probe, Sentry  
  31  3:09  Assimilator  
  34  3:15  Probe  
  34  3:18  Probe  
  36  3:27  Probe  
  36  3:32  Assimilator  
  37  3:34  Sentry  
  37  3:41  Pylon  
  39  3:43  Immortal  
  43  3:52  Probe  
  43  3:55  Probe  
  45  3:57  Pylon  
  45  4:03  Gateway  
  45  4:05  Gateway  
  45  4:10  Gateway  
  45  4:14  Immortal  
  45  4:22  Probe  
  50  4:26  Probe  
  51  4:40  Gateway  
  51  4:47  Probe x2  
  53  4:52  Warp Prism  
  53  4:57  Sentry  
  53  4:58  Sentry  
  53  4:59  Probe x2, Sentry  
  63  5:08  Zealot  
  65  5:17  Probe x2  
  67  5:22  Forge  
  67  5:26  Twilight Council  
  67  5:29  Probe x2  
  69  5:40  Nexus  
  69  5:41  Probe  
  69  5:42  Pylon  
  70  5:45  Protoss Ground Weapons Level 1  
  70  5:52  Pylon x2  
  70  5:54  Pylon  
  70  6:00  Probe  
  70  6:02  Pylon  
  70  6:03  Zealot x2  
  75  6:05  Sentry  
  77  6:22  Observer  
  77  6:24  Zealot  
  77  6:25  Zealot x2  
  84  6:27  Zealot  
  86  6:36  Gateway  
  86  6:38  Gateway  
  70  7:18  Zealot  
  70  7:19  Zealot x4  
  68  7:44  Charge  
  68  7:48  Templar Archives  
  68  7:50  Probe x2  
  70  7:54  Robotics Bay  
  70  7:55  Pylon, Photon Cannon  
  70  7:57  Immortal  
  70  7:58  Photon Cannon  
  70  7:59  Pylon  
  70  8:01  Zealot  
  70  8:02  Probe  
  71  8:06  Sentry x3  
  71  8:07  Sentry  
  83  8:19  Probe  
  84  8:26  Immortal  
  84  8:33  Robotics Facility  
  84  8:34  Pylon  
  84  8:39  Protoss Ground Weapons Level 2  
  88  8:43  Gateway  
  88  8:45  Gateway  
  88  8:47  Pylon  
  88  8:52  Assimilator  
  88  8:53  Assimilator  
  88  8:54  Probe  
  89  8:56  Stargate  
  89  8:59  Immortal  
  89  9:00  Zealot x2  
  89  9:01  Zealot x5  
  103  9:06  Probe  
  108  9:10  Pylon  
  108  9:24  Zealot x2  
  108  9:26  Zealot  
  114  9:42  Phoenix  
  114  9:52  Colossus  
  110  9:55  Extended Thermal Lance  
  110  9:57  Psionic Storm  
  110  10:02  Probe  
  115  10:07  Phoenix  
  115  10:10  High Templar x7  
  115  10:13  Stalker  
  133  10:21  Pylon  
  133  10:32  Phoenix  
  133  10:41  Archon  
  133  10:42  Archon x2  
  127  10:49  Zealot x3  
  127  11:14  Colossus  
  127  11:17  Probe  
  128  11:29  Nexus  
  128  11:32  Pylon  
  134  11:33  Void Ray  
  134  11:34  Pylon  
  134  11:39  Probe x2  
  140  11:44  Nexus  
  140  11:45  Pylon x3  
  140  11:51  Probe x2  
  142  12:01  Colossus  
  142  12:03  Warp Prism  
  142  12:07  High Templar  
  150  12:11  Zealot x3  
  150  12:12  Zealot x3  
  150  12:14  Probe  
  165  12:18  Probe  
  165  12:19  Probe  
  167  12:26  Probe  
  167  12:29  Phoenix  
  170  12:42  Photon Cannon  
  170  12:46  Photon Cannon  
  170  12:47  Gateway, Photon Cannon  
  170  12:49  Probe x2  
  170  12:50  Probe  
  173  12:53  Gateway  
  173  12:54  Phoenix  
  173  12:56  Stalker x3  
  173  12:57  Stalker x3  
Tags
 
Add a new tag
Caveats
  • Supply blocks, unpowered buildings, or Contaminate may cause inaccurate times.
  • Supply counts are checked every 10 seconds.